 Dungeon Crawl Stone Soup version 0.32-a0-913-g739538afd8 (webtiles) character file.

Game seed: 17403610977979354346

565 Mgcat the Chopper (level 7, -8/56 HPs)
             Began as a Coglin Berserker on Apr 9, 2024.
             Was a Believer of Trog.
             Killed by nerve-wracking pain
             ... invoked by Grinder
              (12 damage)
             ... on level 5 of the Dungeon.
             The game lasted 00:08:46 (3567 turns).

Mgcat the Chopper (Coglin Berserker)                Turns: 3567, Time: 00:08:47

Health: -8/56      AC:  7    Str: 19    XL:     7   Next: 32%
Magic:  7/7        EV:  9    Int:  7    God:    Trog [**....]
Gold:   191        SH:  0    Dex: 13    Spells: 6/6 levels left

rFire   . . .        a - +0 hand axe {Juwon}
rCold   . . .        b - +1 dagger (vamp) {!w, Bunsong}
rNeg    . . .        i - +0 scale mail
rPois   .            m - +0 helmet
rElec   .            (no cloak)
rCorr   .            (no gloves)
SInv    .            (no boots)
Will    .....        (amulet unavailable) Stlth
                     (ring unavailable)
HPRegen 0.29/turn    (ring unavailable)
MPRegen 0.10/turn    (no gizmo)

%: no passive effects
@: on berserk cooldown, attractive, slowed, revving, very slow
A: off-hand wielding, slow wielding, warmup strikes, no jewellery
a: Invent Gizmo, Renounce Religion, Berserk, Trog's Hand


You were on level 5 of the Dungeon.
You worshipped Trog.
Trog was pleased with you.
You visited 1 branch of the dungeon, and saw 5 of its levels.

You collected 191 gold pieces.

Inventory:

Hand Weapons
 a - a +0 hand axe (weapon) {Juwon}
 b - a +1 vampiric dagger (offhand) {!w, Bunsong}
   (You found it on level 1 of the Dungeon)
 c - a +0 dagger {Kaori}
Missiles
 l - a throwing net {=f, !d}
Armour
 i - a +0 scale mail (worn)
   (You took it off Ijyb on level 3 of the Dungeon)
 m - a +0 helmet (worn)
   (You found it on level 4 of the Dungeon)
Wands
 h - a wand of iceblast (4)
   (You took it off Ijyb on level 3 of the Dungeon)
Scrolls
 e - 2 scrolls of teleportation {unknown}
 f - 3 scrolls of identify {unknown}
 g - a scroll of vulnerability {unknown}
 k - 3 scrolls of noise {unknown}
 o - a scroll of fog {unknown}
Potions
 d - a potion of attraction {!q}
 j - a potion of curing
 n - a potion of lignification {unknown}


   Skills:
 + Level 5.3 Fighting
 * Level 6.9 Axes
 - Level 1.7 Armour
 - Level 1.7 Dodging


You had 6 spell levels left.
You didn't know any spells.
Your spell library was empty.

Dungeon Overview and Level Annotations

Branches:
Dungeon (5/15)
 Temple: D:4-7

Altars:
Cheibriados
Hepliaklqana
Yredelemnul
Zin
The Shining One

Annotations:
D:3 1 runed translucent door
D:5 Grinder


Innate Abilities, Weirdness & Mutations

You can wield a second weapon in your off-hand.
It takes a long time for you to wield or remove held weapons.
Your first few attacks do less damage.
You cannot equip rings or amulets.


Message History

Grinder blinks!
You barely miss Grinder with your +1 vampiric dagger.
You closely miss Grinder with your +0 hand axe.
Grinder gestures at you.
You suddenly lose the ability to move!
Grinder hits you but does no damage. x2
You can move again.
Spoiler Alert: Grinder can cast Paralyse and Pain!
Unknown command.
Unknown command.
Unknown command.
You hit Grinder with your +1 vampiric dagger.
Grinder is lightly wounded.
You barely miss Grinder with your +0 hand axe.
Grinder hits you.
You writhe in agony.
Grinder hits you.
You writhe in agony.
You take 17 damage, and have 39/56 hp.
MASSIVE DAMAGE!!
Spoiler Alert: Grinder can cast Paralyse and Pain!
Unknown command.
Unknown command.
Unknown command.
Okay, then.
Unknown command.
Unknown command.
Spoiler Alert: Grinder can cast Paralyse and Pain!
You closely miss Grinder with your +0 hand axe.
Grinder is lightly wounded.
You hit Grinder with your +1 vampiric dagger.
Grinder hits you!
You writhe in agony.
You take 9 damage, and have 30/56 hp.
You hit Grinder but do no damage.
Grinder is lightly wounded.
You hit Grinder with your +1 vampiric dagger.
Grinder grins, showing sharp teeth.
Grinder hits you but does no damage. Grinder gestures at you.
You resist with significant effort.
Spoiler Alert: Grinder can cast Paralyse and Pain!
You hit Grinder with your +0 hand axe.
Grinder is moderately wounded.
You hit Grinder with your +1 vampiric dagger.
Grinder hits you.
You writhe in agony.
You take 6 damage, and have 25/56 hp.
You hit Grinder with your +1 vampiric dagger.
Grinder is moderately wounded.
You hit Grinder with your +0 hand axe. Grinder hits you!
You writhe in agony.
* * * LOW HITPOINT WARNING * * *
Grinder gestures at you. You resist with significant effort.
You take 10 damage, and have 15/56 hp.
Spoiler Alert: Grinder can cast Paralyse and Pain!
You barely miss Grinder with your +0 hand axe.
Grinder is heavily wounded.
You hit Grinder with your +1 vampiric dagger.
Grinder gestures at you. You resist with significant effort.
It was a potion of curing.
You feel better. Grinder barely misses you. Grinder hits you.
You writhe in agony.
* * * LOW HITPOINT WARNING * * *
You take 2 damage, and have 13/56 hp.
Spoiler Alert: Grinder can cast Paralyse and Pain!
It was a potion of attraction.
You feel attractive to monsters. Grinder hits you!
* * * LOW HITPOINT WARNING * * *
You writhe in agony.
* * * LOW HITPOINT WARNING * * *
You take 10 damage, and have 3/56 hp.
Spoiler Alert: Grinder can cast Paralyse and Pain!
You hit Grinder with your +0 hand axe.
Grinder is heavily wounded.
You barely miss Grinder with your +1 vampiric dagger.
Grinder says, "Wait up."
Grinder hits you but does no damage. x2
Aiming: Iceblast
Press: ? - help, Shift-Dir - straight line You can't see that place. [the floor.]
Okay, then.
Spoiler Alert: Grinder can cast Paralyse and Pain!
Unknown command.
Grinder gestures at you. You resist with significant effort.
Grinder is attracted toward you.
Unknown command.
Unknown command.
Unknown command.
Spoiler Alert: Grinder can cast Paralyse and Pain!
Unknown command.
Unknown command.
Unknown command.
Unknown command.
Unknown command.
Aiming: Iceblast
Press: ? - help, Shift-Dir - straight line The mass of ice explodes!
The iceblast engulfs Grinder.
Grinder partially resists.
Grinder is severely wounded.
Grinder gestures at you. Pain shoots through your body!
You die...
Grinder says, "Hey, I wasn't done torturing you yet!"

#.......# ##...##
#..<....#####.....####
#.......<............###
#..........##..........#
#.......##.#.......#.#.#
#.......##.........#.#.#
#.......####.......#.#.#
####.##...........##.#.#
#.#########@...##.#.#
... #######5#......#
....
#......#ยง###.#########.
#.#.
#.....###.##.###.......
.. #..).##
##.............
#.....###.....##.......
#).....#.#.###########.
#######.##.# ####.#


You could see Grinder.

Vanquished Creatures
  An ogre (D:4)
  A phantom (D:3)
  A scorpion (D:4)
  A hound (D:5)
  2 orc priests (D:3)
  Ijyb (D:3)
  An orc wizard (D:3)
  3 gnolls (D:3)
  9 adders
  A ribbon worm (D:4)
  A dart slug (D:1)
  13 orcs
  5 endoplasms
  6 giant cockroaches
  9 goblins
  9 hobgoblins
  6 ball pythons
  3 bats
  6 frilled lizards
  4 kobolds
  6 rats
89 creatures vanquished.

Notes
Turn   | Place    | Note
-------+----------+-------------------------------------------
     0 | D:1      | Mgcat the Coglin Berserker began the quest for the Orb.
     0 | D:1      | Reached XP level 1. HP: 18/18 MP: 1/1
   206 | D:1      | Reached XP level 2. HP: 22/24 MP: 2/2
   280 | D:1      | Found a faded altar of an unknown god.
   649 | D:1      | Reached ** piety under Trog
   653 | D:1      | Reached XP level 3. HP: 29/29 MP: 3/3
   998 | D:2      | Reached skill level 4 in Axes
  1190 | D:2      | Reached XP level 4. HP: 16/37 MP: 4/4
  1553 | D:3      | Noticed Ijyb
  1558 | D:3      | Noticed a phantom
  1559 | D:3      | HP: 10/55 [Ijyb/+0 club (5)]
  1561 | D:3      | Killed Ijyb
  1562 | D:3      | Reached skill level 4 in Fighting
  1566 | D:3      | HP: 5/37 [goblin/+0 dagger (3)]
  1571 | D:3      | HP: 5/37 [goblin/+0 dagger (2)]
  1705 | D:3      | Killed a phantom
  1706 | D:3      | Reached skill level 5 in Axes
  1706 | D:3      | Reached XP level 5. HP: 42/42 MP: 5/5
  2046 | D:3      | Reached XP level 6. HP: 45/45 MP: 6/6
  2069 | D:3      | HP: 10/45 [something/puff of flame (8)]
  2368 | D:3      | Reached skill level 6 in Axes
  2403 | D:3      | Found a runed translucent door.
  2403 | D:3      | Noticed a human
  2430 | D:3      | Found a basalt altar of Yredelemnul.
  2471 | D:3      | Found a snail-covered altar of Cheibriados.
  2570 | D:3      | Found a glowing silver altar of Zin.
  2748 | D:4      | Reached skill level 5 in Fighting
  2752 | D:4      | HP: 12/51 [poisoned by a scorpion]
  3087 | D:4      | Found a glowing golden altar of the Shining One.
  3101 | D:4      | Reached XP level 7. HP: 48/56 MP: 7/7
  3268 | D:4      | Found a hazy altar of Hepliaklqana.
  3363 | D:4      | Reached *** piety under Trog
  3463 | D:5      | Entered Level 5 of the Dungeon
  3535 | D:5      | Noticed Grinder
  3547 | D:5      | Paralysed by Grinder for 3 turns
  3554 | D:5      | Paralysed by Grinder for 3 turns
  3563 | D:5      | HP: 13/56 [Grinder (5)]
  3564 | D:5      | HP: 6/56 [Grinder (8)]
  3567 | D:5      | Killed from afar by Grinder

Illustrated notes

Levels and vault maps discovered:
D:1:      dpeg_arrival_boxes_within_box, layout_basic,
          shapermc_ecumenical_altar_mp_ritualfount
D:2:      layout_basic
D:3:      layout_basic, mainiacjoe_overflow_alcove_1, zin_treasury,
          dk_yredelemnul_ordeal, uniq_ijyb
D:4:      layout_basic, mainiacjoe_overflow_boulevard,
          mainiacjoe_overflow_six_doors_small
D:5:      layout_loops_cross, nicolae_dithmenos_the_darkroom, serial_glass,
          glass_columns_a, glass_columns_a, bh_walls_and_bars, uniq_grinder,
          uniq_edmund

Skill      XL: |  1  2  3  4  5  6 |
---------------+-------------------+-----
Axes           | 4 5 6 |  6.9
Fighting       | 4 5 |  5.3
Armour         | |  1.7
Dodging        | |  1.7

Action                     |  1- 3 |  4- 6 |  7- 9 || total
---------------------------+-------+-------+-------++-------
  Melee: Hand axe          |    55 |   105 |    23 ||   183
         Dagger            |    50 |   109 |    26 ||   185
 Invoke: Berserk           |       |     7 |     2 ||     9
         Trog's Hand       |       |     1 |       ||     1
  Evoke: Wand              |       |       |     1 ||     1
    Use: Potion            |       |       |     2 ||     2
   Stab: Sleeping          |     2 |       |       ||     2
 Armour: Animal skin       |    24 |    20 |       ||    44
         Scale mail        |       |    73 |    22 ||    95
  Dodge: Dodged            |    35 |    59 |     9 ||   103

Table legend: (Time is in decaauts)
 A = Elapsed time spent in this place.
 B = Non-inter-level travel time spent in this place.
 C = Inter-level travel time spent in this place.
 D = Time resting spent in this place.
 E = Time spent auto-exploring this place.
 F = Levels seen in this place.
 G = Mean time per level.
                   A        B        C        D        E       F      G
               +--------+--------+--------+--------+--------+-----+--------+
         Total |   3643 |   3405 |    238 |    381 |   2431 |   5 |  728.6 |
       Dungeon |   3643 |   3405 |    238 |    381 |   2431 |   5 |  728.6 |
               +--------+--------+--------+--------+--------+-----+--------+

Top non-repeatable levels by time:
     D:2: 948 daAuts
     D:1: 915 daAuts
     D:3: 858 daAuts
     D:4: 808 daAuts
     D:5: 112 daAuts

Levels and vault maps discovered:
D:1:      dpeg_arrival_boxes_within_box, layout_basic,
          shapermc_ecumenical_altar_mp_ritualfount
D:2:      layout_basic
D:3:      layout_basic, mainiacjoe_overflow_alcove_1, zin_treasury,
          dk_yredelemnul_ordeal, uniq_ijyb
D:4:      layout_basic, mainiacjoe_overflow_boulevard,
          mainiacjoe_overflow_six_doors_small
D:5:      layout_loops_cross, nicolae_dithmenos_the_darkroom, serial_glass,
          glass_columns_a, glass_columns_a, bh_walls_and_bars, uniq_grinder,
          uniq_edmund

Table legend: (Time is in decaauts)
 A = Elapsed time spent in this place.
 B = Non-inter-level travel time spent in this place.
 C = Inter-level travel time spent in this place.
 D = Time resting spent in this place.
 E = Time spent auto-exploring this place.
 F = Levels seen in this place.
 G = Mean time per level.
                   A        B        C        D        E       F      G
               +--------+--------+--------+--------+--------+-----+--------+
         Total |   3643 |   3405 |    238 |    381 |   2431 |   5 |  728.6 |
       Dungeon |   3643 |   3405 |    238 |    381 |   2431 |   5 |  728.6 |
               +--------+--------+--------+--------+--------+-----+--------+

Top non-repeatable levels by time:
     D:2: 948 daAuts
     D:1: 915 daAuts
     D:3: 858 daAuts
     D:4: 808 daAuts
     D:5: 112 daAuts

Table legend:
 A = Kills in this place as a percentage of kills in the entire game.
 B = Kills by you in this place as a percentage of kills by you in the entire game.
 C = Kills by friends in this place as a percentage of kills by friends in the entire game.
 D = Other kills in this place as a percentage of other kills in the entire game.
 E = Experience gained in this place as a percentage of experience gained in the entire game.
 F = Experience gained in this place divided by the number of levels of this place that you have seen.
                   A       B       C       D       E      F
               +-------+-------+-------+-------+-------+----------------------
         Total | 100.0 | 100.0 |   N/A |   N/A | 100.0 | 161.6
       Dungeon | 100.0 | 100.0 |   N/A |   N/A | 100.0 | 161.6
               +-------+-------+-------+-------+-------+----------------------
